 Dungeon Crawl Stone Soup version 0.30-a0-567-gf7fd966b4a (webtiles) character file.

Game seed: 9801633135565716490

3061 gruber the Frost Mage (level 9, -8/67 HPs)
             Began as a Gnoll Ice Elementalist on Dec 28, 2022.
             Was an Initiate of Gozag.
             Mangled by a cyclops (22 damage)
             ... on level 7 of the Dungeon.
             The game lasted 00:07:43 (7286 turns).

gruber the Frost Mage (Gnoll Ice Elementalist)      Turns: 7286, Time: 00:07:43

Health: -8/67      AC: 16    Str:  8    XL:     9   Next: 88%
Magic:  5/19       EV: 14    Int: 18    God:    Gozag
Gold:   392        SH:  0    Dex: 13    Spells: 15/22 levels left

rFire   . . .      SeeInvis .    j - staff of fire
rCold   + . .      Faith    .    (no shield)
rNeg    + . .      Spirit   .    a - +0 robe
rPois   .          Reflect  .    A - +2 helmet
rElec   .          Harm     .    (no cloak)
rCorr   .          Rampage  .    p - +0 pair of gloves
Will    .....                    (no boots)
Stlth   +++                      q - amulet of regeneration
HPRegen 1.11/turn                t - ring of ice
MPRegen 0.16/turn                G - ring of positive energy

@: ice-armoured, freezing walls
A: fangs 1, strong nose, distributed training
a: Renounce Religion, Potion Petition, Call Merchant, Bribe Branch


You were on level 7 of the Dungeon.
You worshipped Gozag.
Gozag was aware of your devotion.
You visited 2 branches of the dungeon, and saw 8 of its levels.

You collected 501 gold pieces.
You paid 109 gold pieces to Gozag.

Inventory:

Hand Weapons
 F - a +2 flail of protection
Missiles
 I - 4 curare-tipped darts
 J - a throwing net
Armour
 a - a +0 robe (worn)
 p - a +0 pair of gloves (worn)
 A - a +2 helmet (worn)
Magical Staves
 j - a staff of fire (weapon)
Jewellery
 q - an amulet of regeneration (around neck)
 t - a ring of ice (left hand)
 G - a ring of positive energy (right hand)
Wands
 w - a wand of polymorph (8)
 B - a wand of roots (16)
 C - a wand of flame (25)
 D - a wand of paralysis (14)
Scrolls
 d - 5 scrolls of enchant weapon {unknown}
 f - 7 scrolls of identify {unknown}
 k - 3 scrolls of immolation {unknown}
 n - a scroll of blinking {unknown}
 o - 2 scrolls of noise {unknown}
 r - a scroll of silence {unknown}
 s - 2 scrolls of acquirement {unknown}
 y - a scroll of magic mapping {unknown}
 H - a scroll of fog {unknown}
 K - 2 scrolls of fear {unknown}
Potions
 b - 2 potions of magic
 c - 2 potions of flight {unknown}
 e - 2 potions of degeneration {unknown}
 g - a potion of attraction {unknown}
 h - 2 potions of heal wounds {unknown}
 i - 2 potions of mutation {unknown}
 l - 5 potions of might {unknown}
 m - 4 potions of curing {unknown}
 u - a potion of ambrosia {unknown}
 v - a potion of brilliance {unknown}
 x - 3 potions of haste {unknown}
 z - 2 potions of lignification {unknown}
 E - a potion of cancellation {unknown}


   Skills:
 + Level 4.8 Fighting
 + Level 4.8 Short Blades
 + Level 4.8 Long Blades
 + Level 4.8 Axes
 + Level 4.8 Maces & Flails
 + Level 4.8 Polearms
 + Level 4.8 Staves
 + Level 4.8 Ranged Weapons
 + Level 4.8 Throwing
 + Level 4.8 Armour
 + Level 6.7 Dodging
 + Level 6.5 Stealth
 + Level 4.8 Shields
 + Level 4.8 Unarmed Combat
 + Level 7.0 Spellcasting
 + Level 4.0 Conjurations
 + Level 4.0 Hexes
 + Level 4.0 Summonings
 + Level 4.0 Necromancy
 + Level 4.0 Translocations
 + Level 4.0 Transmutations
 + Level 4.0 Fire Magic
 + Level 8.2 Ice Magic
 + Level 4.0 Air Magic
 + Level 4.0 Earth Magic
 + Level 4.0 Poison Magic
 + Level 5.3 Invocations
 + Level 4.8 Evocations


You had 15 spell levels left.
You knew the following spells:

 Your Spells              Type           Power      Damage    Failure   Level
a - Freeze                Ice            100%       1d10      1%          1
b - Frozen Ramparts       Ice            100%       1d16      1%          3
c - Ozocubu's Armour      Ice            52%        N/A       1%          3

Your spell library contained the following spells:

 Spells                   Type           Power      Damage    Failure   Level
 Summon Small Mammal      Summ           80%        N/A       1%          1
 Call Canine Familiar     Summ           20%        N/A       6%          3
 Summon Ice Beast         Ice/Summ       42%        N/A       9%          4
 Animate Armour           Summ/Erth      40%        N/A       21%         4
 Summon Horrible Things   Summ           10%        N/A       100%        8
 Chain Lightning          Conj/Air       10%        3d13      100%        9
 Fire Storm               Conj/Fire      15%        8d4       100%        9
 Shatter                  Erth           10%        3d11*     100%        9


Dungeon Overview and Level Annotations

Branches:
Dungeon (7/15)             Temple (1/1) D:6

Altars:
Cheibriados
Dithmenos
Elyvilon
Gozag
Hepliaklqana
Kikubaaqudgha
Qazlal
Yredelemnul

Shops:
D:1 *   D:4 !

Annotations:
D:5 3 runed translucent doors, Iidacon's ghost, novice MiGl


Innate Abilities, Weirdness & Mutations

You have very sharp teeth.
Your uncanny sense of smell can sniff out nearby items.
Your experience applies equally to all skills.


Message History

Unknown command.
Casting: Frozen Ramparts (safe; 1% risk of failure)
Confirm with . or Enter, or press ? or * to list all spells.
You feel a surge of power! A film of ice covers your body!
The wall freezes the cyclops!
The cyclops misses you.
Unknown command.
Unknown command.
Unknown command.
Casting: Ozocubu's Armour (safe; 1% risk of failure)
Confirm with . or Enter, or press ? or * to list all spells.
Aiming: Freeze (safe; 1% risk of failure)
Press: ? - help, Shift-Dir - straight line, f - cyclops
Aim: a cyclops, quivering large rocks (heavily wounded)
You feel a surge of power!
You freeze the cyclops.
The cyclops is heavily wounded.
The wall freezes the cyclops but does no damage.
The cyclops hits you!!
* * * LOW HITPOINT WARNING * * *
Unknown command.
Unknown command.
Casting: Freeze (safe; 1% risk of failure)
Confirm with . or Enter, or press ? or * to list all spells.
Aiming: Freeze (safe; 1% risk of failure)
Press: ? - help, Shift-Dir - straight line, f/p - cyclops
Aim: a cyclops, quivering large rocks (heavily wounded)
You feel a surge of power!
You freeze the cyclops.
The cyclops is severely wounded.
Unknown command.
Unknown command.
Casting: Freeze (safe; 1% risk of failure)
Confirm with . or Enter, or press ? or * to list all spells.
Aiming: Freeze (safe; 1% risk of failure)
Press: ? - help, Shift-Dir - straight line, f/p - cyclops
Aim: a cyclops, quivering large rocks (severely wounded)
You feel a surge of power!
You freeze the cyclops!
The cyclops is severely wounded.
The wall freezes the cyclops but does no damage.
The cyclops hits you!!
You die...
Your body crumbles into a pile of gold.

#. #. ####.# #.# #.....
#.# #.##.# #.# #.##.#
###.#.# #.##.# ....#.#
###.##C####
.##.#.####....>.@..##.####
..##.............$.$.....#
...##.####.#.###.#$#..##.#
....#......#.# #.#$# .#
_.....####.#.. ...$. #
....#.# #.#####.....
...##.# #.# ###.#.#
..###.# #.# #.#.# .####.#
#.. <....


You could see a cyclops.

Vanquished Creatures
  A harpy (D:6)
  Sigmund (D:3)
  2 water moccasins (D:5)
  An orc warrior (D:7)
  An ice beast (D:7)
  A sky beast (D:7)
  2 black bears (D:6)
  7 ogres
  A centaur (D:5)
  2 phantoms (D:5)
  A scorpion (D:6)
  4 hounds
  3 orc priests
  Terence (D:3)
  Natasha (thrice) (D:3)
  6 iguanas
  6 orc wizards
  Robin (D:3)
  7 gnolls
  9 adders
  A shadow imp (D:5)
  2 ufetubi
  2 worms
  5 dart slugs
  28 orcs
  4 bats
  8 endoplasms
  3 giant cockroaches
  9 goblins
  9 hobgoblins
  2 jackals (D:1)
  6 kobolds
  3 quokkas
  2 ball pythons
  2 frilled lizards (D:2)
  3 rats (D:2)
149 creatures vanquished.

Vanquished Creatures (others)
  A plant (D:4)
  4 toadstools (D:1)
5 creatures vanquished.

Grand Total: 154 creatures vanquished

Notes
Turn   | Place    | Note
-------+----------+-------------------------------------------
     0 | D:1      | gruber the Gnoll Ice Elementalist began the quest for the
                  | Orb.
     0 | D:1      | Reached XP level 1. HP: 13/13 MP: 6/6
    99 | D:1      | Found Ateagim's Assorted Antiques.
   188 | D:1      | Found a faded altar of an unknown god.
   303 | D:1      | Reached XP level 2. HP: 11/19 MP: 3/7
   711 | D:2      | Reached skill level 5 in Spellcasting
   711 | D:2      | Reached XP level 3. HP: 25/25 MP: 5/9
   715 | D:2      | Learned a level 3 spell: Frozen Ramparts
   719 | D:2      | Learned a level 3 spell: Ozocubu's Armour
   756 | D:2      | Reached skill level 1 in Invocations
  1009 | D:2      | Reached skill level 1 in Fighting
  1009 | D:2      | Reached skill level 1 in Short Blades
  1009 | D:2      | Reached skill level 1 in Long Blades
  1009 | D:2      | Reached skill level 1 in Axes
  1009 | D:2      | Reached skill level 1 in Maces & Flails
  1009 | D:2      | Reached skill level 1 in Polearms
  1009 | D:2      | Reached skill level 1 in Staves
  1009 | D:2      | Reached skill level 1 in Ranged Weapons
  1009 | D:2      | Reached skill level 1 in Throwing
  1009 | D:2      | Reached skill level 1 in Armour
  1009 | D:2      | Reached skill level 1 in Shields
  1009 | D:2      | Reached skill level 1 in Unarmed Combat
  1009 | D:2      | Reached skill level 1 in Evocations
  1083 | D:2      | Reached XP level 4. HP: 27/32 MP: 7/11
  1626 | D:3      | Reached skill level 1 in Conjurations
  1626 | D:3      | Reached skill level 1 in Hexes
  1626 | D:3      | Reached skill level 1 in Summonings
  1626 | D:3      | Reached skill level 1 in Necromancy
  1626 | D:3      | Reached skill level 1 in Translocations
  1626 | D:3      | Reached skill level 1 in Transmutations
  1626 | D:3      | Reached skill level 1 in Fire Magic
  1626 | D:3      | Reached skill level 1 in Air Magic
  1626 | D:3      | Reached skill level 1 in Earth Magic
  1626 | D:3      | Reached skill level 1 in Poison Magic
  1746 | D:3      | Noticed Natasha
  1749 | D:3      | Killed Natasha
  1780 | D:3      | Noticed Terence
  1784 | D:3      | Killed Terence
  1785 | D:3      | Reached XP level 5. HP: 33/37 MP: 3/12
  2033 | D:3      | Noticed Natasha
  2039 | D:3      | Killed Natasha
  2114 | D:3      | Noticed Sigmund
  2123 | D:3      | Killed Sigmund
  2124 | D:3      | Reached skill level 5 in Dodging
  2124 | D:3      | Reached XP level 6. HP: 44/44 MP: 4/14
  2345 | D:3      | Noticed Robin
  2348 | D:3      | Killed Robin
  2535 | D:3      | Noticed Natasha
  2537 | D:3      | Killed Natasha
  2710 | D:4      | Reached XP level 7. HP: 48/50 MP: 8/15
  3020 | D:4      | Reached skill level 5 in Stealth
  3082 | D:4      | Found Opoizua's Distillery.
  3507 | D:4      | Reached XP level 8. HP: 38/58 MP: 7/16
  4172 | D:5      | Entered Level 5 of the Dungeon
  4551 | D:5      | Found a runed translucent gate.
  4552 | D:5      | Found a runed translucent gate.
  4553 | D:5      | Found a runed translucent gate.
  4555 | D:5      | Noticed Iidacon's ghost (novice MiGl)
  4556 | D:5      | Identified the +10 spear "Niptituu" {speed, rC+ Str-2
                  | Int+7}
  5316 | D:6      | Reached XP level 9. HP: 65/65 MP: 11/18
  5488 | D:6      | Noticed a harpy
  5493 | D:6      | Killed a harpy
  5494 | D:6      | Reached skill level 8 in Ice Magic
  5611 | D:6      | Found a staircase to the Ecumenical Temple.
  5646 | Temple   | Entered the Ecumenical Temple
  5739 | Temple   | Became a worshipper of Gozag Ym Sagoz the Greedy
  5868 | D:6      | Got Sif Muna's Precepts of Beckoning
  5954 | D:6      | Reached skill level 5 in Invocations
  7146 | D:7      | Found a white marble altar of Elyvilon.
  7244 | D:7      | Noticed a cyclops
  7286 | D:7      | Mangled by a cyclops

Illustrated notes

Levels and vault maps discovered:
D:1:      ldierk_walled_garden_2, layout_basic, serial_shops,
          nicolae_shop_hallway_stairs, hellmonk_ecumenical_altar_prayer_group
D:2:      layout_rooms
D:3:      layout_basic, uniq_sigmund, uniq_robin, uniq_terence, uniq_natasha
D:4:      corexii_shack_village, layout_basic, serial_shops, shop_fountains
D:5:      layout_loops_corners, biasface_ghost_orc_armoury
D:6:      layout_layer_cave, minmay_temple_entry_drinking_statues
D:7:      layout_loops_ring, general_overflow_altar, lemuel_round_altar,
          sigmund_army
Temple:   mainiacjoe_temple_cubbyholes

Skill      XL: |  1  2  3  4  5  6  7  8  9 |
---------------+----------------------------+-----
Spellcasting   | 5 6 7 |  7.0
Invocations    | 1 2 3 4 5 |  5.3
Fighting       | 1 2 3 4 |  4.8
Short Blades   | 1 2 3 4 |  4.8
Long Blades    | 1 2 3 4 |  4.8
Axes           | 1 2 3 4 |  4.8
Maces & Flails | 1 2 3 4 |  4.8
Polearms       | 1 2 3 4 |  4.8
Staves         | 1 2 3 4 |  4.8
Ranged Weapons | 1 2 3 4 |  4.8
Throwing       | 1 2 3 4 |  4.8
Armour         | 1 2 3 4 |  4.8
Shields        | 1 2 3 4 |  4.8
Unarmed Combat | 1 2 3 4 |  4.8
Evocations     | 1 2 3 4 |  4.8
Conjurations   | 1 2 3 4 |  4.0
Hexes          | 1 2 3 4 |  4.0
Summonings     | 1 2 3 4 |  4.0
Necromancy     | 1 2 3 4 |  4.0
Translocations | 1 2 3 4 |  4.0
Transmutations | 1 2 3 4 |  4.0
Fire Magic     | 1 2 3 4 |  4.0
Air Magic      | 1 2 3 4 |  4.0
Earth Magic    | 1 2 3 4 |  4.0
Poison Magic   | 1 2 3 4 |  4.0
Dodging        | 5 6 |  6.7
Stealth        | 5 6 |  6.5
Ice Magic      | 8 |  8.2

Action                   |  1- 3 |  4- 6 |  7- 9 || total
-------------------------+-------+-------+-------++-------
Melee: Unarmed           |     4 |       |       ||     4
       Long sword        |       |    25 |       ||    25
       Staff             |       |    36 |    53 ||    89
       Bite              |       |     5 |    10 ||    15
       Punch             |       |     2 |     2 ||     4
       Flail             |       |       |    22 ||    22
 Cast: Freeze            |    42 |    21 |    55 ||   118
       Frozen Ramparts   |       |     9 |    46 ||    55
       Ozocubu's Armour  |       |     4 |    17 ||    21
Evoke: Wand              |       |       |     1 ||     1
 Stab: Sleeping          |       |     4 |     1 ||     5
       Distracted        |       |     1 |       ||     1
Armor: Robe              |     4 |    14 |    53 ||    71
Dodge: Dodged            |    26 |    36 |    94 ||   156

Table legend: (Time is in decaauts)
 A = Elapsed time spent in this place.
 B = Non-inter-level travel time spent in this place.
 C = Inter-level travel time spent in this place.
 D = Time resting spent in this place.
 E = Time spent auto-exploring this place.
 F = Levels seen in this place.
 G = Mean time per level.
                   A        B        C        D        E       F      G
               +--------+--------+--------+--------+--------+-----+--------+
         Total |   7308 |   7069 |    239 |      0 |   6054 |   8 |  913.5 |
       Dungeon |   7185 |   6976 |    209 |      0 |   5973 |   7 | 1026.4 |
        Temple |    123 |     93 |     30 |      0 |     81 |   1 |  123.0 |
               +--------+--------+--------+--------+--------+-----+--------+

Top non-repeatable levels by time:
     D:6: 1709 daAuts
     D:4: 1560 daAuts
     D:3: 1191 daAuts
     D:5: 1144 daAuts
     D:2: 736 daAuts
     D:1: 704 daAuts
     D:7: 138 daAuts
  Temple: 123 daAuts
